 Dungeon Crawl Stone Soup version 0.19.0-20-gbc5f0c6 (webtiles) character file.

137 ImaNewbie the Chopper (level 5, -5/41 HPs)
             Began as a Formicid Fighter on Nov 17, 2016.
             Slain by Grinder (6 damage)
             ... on level 3 of the Dungeon.
             The game lasted 00:04:03 (1977 turns).

ImaNewbie the Chopper (Formicid Fighter)            Turns: 1977, Time: 00:04:05

Health: -5/41      AC:  8    Str: 22    XL:     5   Next: 43%
Magic:  5/5        EV:  7    Int:  7    God:
Gold:   105        SH:  9    Dex: 10    Spells: 0 memorised, 4 levels left

rFire  . . .     SeeInvis +     a - +0 war axe
rCold  + . .     Gourm    .     q - +1 scale mail {rC+}
rNeg   . . .     Faith    .     c - +0 shield
rPois  .         Spirit   .     (helmet unavailable)
rElec  .         Reflect  .     e - +0 cloak
rCorr  .         Harm     .     (no gloves)
MR     +....                    (no boots)
Stlth  ..........               (no amulet)
                                (no ring)
                                b - ring of protection from magic

@: drained
A: permanent stasis, dig shafts and tunnels, four strong arms, antennae 3
a: Dig, Shaft Self


You were on level 3 of the Dungeon.
You were hungry.

You visited 1 branch of the dungeon, and saw 3 of its levels.

You collected 105 gold pieces.

Inventory:

Hand Weapons
 a - a +0 war axe (weapon)
Missiles
 s - 13 poisoned needles
Armour
 c - a +0 shield (worn)
 e - a +0 cloak (worn)
 q - a +1 scale mail of cold resistance (worn)
Jewellery
 b - a ring of protection from magic (left hand)
 p - an uncursed amulet of harm
Scrolls
 j - a scroll of fear {unknown}
 m - 3 scrolls of magic mapping {unknown}
 n - a scroll of fog {unknown}
 r - 5 scrolls of teleportation {unknown}
 t - a scroll of identify {unknown}
Potions
 d - a potion of might
 h - a potion of lignification {unknown}
 k - a potion of heal wounds {unknown}
 o - a potion of brilliance {unknown}
Comestibles
 f - 3 bread rations
 g - a beef jerky
 i - a slice of pizza


   Skills:
 - Level 3.2(2.3) Fighting
 + Level 5.2(4.2) Axes
 - Level 3.2(2.3) Armour
 - Level 3.6(2.6) Shields


You had 4 spell levels left.
You didn't know any spells.

Dungeon Overview and Level Annotations

Branches:
Dungeon (3/15)

Altars:
Yredelemnul

Annotations:
D:2 1 runed door
D:3 Grinder


Innate Abilities, Weirdness & Mutations

You are under a permanent stasis effect.
You can dig through walls and to a lower floor.
Your four strong arms can wield two-handed weapons with a shield.
You have a pair of large antennae on your head. (SInv)


Message History

You slash Grinder!
Grinder is moderately wounded.
You block Grinder's attack.
Your scale mail prevents you from hitting Grinder.
Grinder is moderately wounded.
You block Grinder's attack. x2
You slash Grinder!
Grinder is heavily wounded.
Grinder hits you.
You writhe in agony.
You closely miss Grinder.
Grinder is heavily wounded.
Grinder hits you.
You writhe in agony.
* * * LOW HITPOINT WARNING * * *
You hit Grinder.
Grinder is severely wounded.
Grinder says, "At least Makhleb appreciates what I'm doing."
Grinder hits you!
* * * LOW HITPOINT WARNING * * *
You writhe in agony.
You die...

.##########....#
.(.............+
{
.(.............#
..#...########(#
{ # ..#...)###
#.## .#
..#......# #..#
.# ..#......#
##'###.#
#.#......#
#..5...#
#.#.....)#
#..@...#
..#......#
#<....$#
#####....#
#......# #
#....# ####+#.#
# #....# .# #
#....# .# #
###### # # #


You could see Grinder.

Vanquished Creatures
  An orc wizard (D:3)
  A gnoll (D:1)
  4 adders
  A worm (D:3)
  4 dart slugs
  3 leopard geckos (D:2)
  2 orcs (D:3)
  A giant cockroach (D:2)
  9 goblins
  3 hobgoblins
  A quokka (D:2)
  A ball python (D:2)
  3 bats
  3 frilled lizards (D:2)
  A jackal zombie (D:2)
  9 kobolds
  6 rats
53 creatures vanquished.

Notes
Turn   | Place    | Note
-------+----------+-------------------------------------------
     0 | D:1      | ImaNewbie the Formicid Fighter began the quest for the Orb.
     0 | D:1      | Reached XP level 1. HP: 18/18 MP: 1/1
    34 | D:1      | Reached XP level 2. HP: 20/24 MP: 2/2
   303 | D:1      | Reached skill level 3 in Axes
   316 | D:1      | Reached XP level 3. HP: 23/29 MP: 3/3
   943 | D:2      | Reached skill level 4 in Axes
   943 | D:2      | Reached XP level 4. HP: 31/35 MP: 4/4
   966 | D:2      | Found a runed door.
   966 | D:2      | Noticed a human
   976 | D:2      | Found a basalt altar of Yredelemnul.
  1503 | D:3      | Reached skill level 5 in Axes
  1503 | D:3      | Reached XP level 5. HP: 12/41 MP: 5/5
  1961 | D:3      | Noticed Grinder
  1977 | D:3      | HP: 1/41 [Grinder (7)]
  1977 | D:3      | Slain by Grinder

Skill      XL: |  1  2  3  4 |
---------------+-------------+-----
Axes           | 3 4 5 |  5.2
Fighting       | |  3.2
Armour         | |  3.2
Shields        | |  3.6

Action                   |  1- 3 |  4- 6 || total
-------------------------+-------+-------++-------
Melee: War axe           |    91 |   115 ||   206
  Eat: Chunk             |       |     3 ||     3
Armor: Scale mail        |    34 |    54 ||    88
Dodge: Dodged            |    27 |    41 ||    68
Block: Shield            |    46 |    78 ||   124
